 Dungeon Crawl Stone Soup version 0.24.0-1-gfbc8707122 (webtiles) character file.

Game seed: 5154387165515213096, levelgen mode: deterministic

76556 ventricule the Severer (level 16, 0/127 HPs)
             Began as a Human Berserker on Oct 26, 2019.
             Was an Elder of Trog.
             Hit by a large rock thrown by a stone giant (50 damage)
             ... on level 2 of the Orcish Mines.
             The game lasted 01:07:13 (28526 turns).

ventricule the Severer (Human Berserker)           Turns: 28526, Time: 01:07:14

Health: 0/127      AC: 24    Str: 21    XL:     16   Next: 2%
Magic:  16/16      EV:  9    Int: 11    God:    Trog [****..]
Gold:   2041       SH:  0    Dex: 15    Spells: 15/15 levels left

rFire    + + .     SeeInvis .   a - +2 hunting sling of Erchiv Abair {venom, rF+ MR+ Int+2 Stlth+}
rCold    + + .     Gourm    +   (no shield)
rNeg     . . .     Faith    .   L - +0 plate armour
rPois    .         Spirit   .   u - +1 helmet
rElec    .         Reflect  .   y - scarf {rC+ rF+}
rCorr    .         Harm     .   A - +2 pair of gloves
MR       +++..                  G - +0 pair of boots
Stlth    ..........             E - amulet of the gourmand
HPRegen  0.31/turn              I - ring of protection from cold
MPRegen  0.15/turn              m - ring of protection from magic

@: no status effects
A: no striking features
a: Berserk, Trog's Hand, Brothers in Arms, Renounce Religion


You were on level 2 of the Orcish Mines.
You worshipped Trog.
Trog was greatly pleased with you.
You were hungry.

You visited 3 branches of the dungeon, and saw 21 of its levels.
You also visited: Volcano.

You collected 2110 gold pieces.
You spent 69 gold pieces at shops.

Inventory:

Hand Weapons
 a - the +2 hunting sling of Erchiv Abair (weapon) {venom, rF+ MR+ Int+2 Stlth+}
   (You found it on level 6 of the Dungeon)

   It poisons the ammo it fires.
   It affects your intelligence (+2).
   It protects you from fire.
   It affects your resistance to hostile enchantments.
   It makes you more stealthy.
 b - a +1 battleaxe of electrocution
 l - a +1 war axe of freezing
 w - a +1 battleaxe of flaming
 B - a +7 dire flail of holy wrath
Missiles
 Q - 705 stones
 R - 16 javelins
 U - 203 sling bullets (quivered)
 V - 5 atropa-tipped darts
Armour
 u - a +1 helmet (worn)
 x - a +0 cloak
 y - a scarf of resistance (worn)
 A - a +2 pair of gloves (worn)
 G - a +0 pair of boots (worn)
 L - a +0 plate armour (worn)
Jewellery
 m - a ring of protection from magic (right hand)
 r - an uncursed amulet of rage
 v - an uncursed ring of ice {rC+, rF-}
 E - an amulet of the gourmand (around neck)
 F - a +4 ring of strength
 I - a ring of protection from cold (left hand)
Wands
 k - a wand of iceblast (17)
 D - a wand of digging (8)
 J - a wand of polymorph (8)
 N - a wand of disintegration (39)
 W - a wand of clouds (9)
 Y - a wand of paralysis (17)
 Z - a wand of acid (3)
Scrolls
 c - 9 scrolls of remove curse
 f - a scroll of fog
 g - a scroll of fear
 i - 6 scrolls of identify
 p - 8 scrolls of magic mapping {!r}
 t - 9 scrolls of teleportation
 C - 4 scrolls of enchant armour
 H - 3 scrolls of immolation {!r}
Potions
 d - 5 potions of might
 h - 2 potions of haste
 n - 2 potions of resistance
 o - 3 potions of cancellation
 q - 11 potions of curing
 s - 3 potions of agility
 K - 7 potions of lignification {!q}
 M - 3 potions of brilliance
 O - 5 potions of mutation {!q}
 P - 4 potions of invisibility
 X - a potion of flight
Miscellaneous
 j - a fan of gales
 T - a phantom mirror
Comestibles
 e - 23 rations


   Skills:
 + Level 12.2 Fighting
 + Level 17.4 Axes
 - Level 6.3 Slings
 + Level 14.6 Armour
 - Level 3.4 Dodging


You had 15 spell levels left.
You didn't know any spells.
Your spell library was empty.

Dungeon Overview and Level Annotations

Branches:
Dungeon (13/15)            Temple (0/1) D:7            Lair (6/6) D:10
 Shoals (0/4) Lair:3        Snake (0/4) Lair:3        Slime (0/5) Lair:6
    Orc (2/2) D:12            Elf (0/3) Orc:2        Vaults (0/5) D:13
Volcano (visited)

Altars:
Ashenzari
Dithmenos
Fedhas
Kikubaaqudgha
Makhleb
Okawaru
Qazlal
Sif Muna
Trog
Vehumet
Xom
Beogh
Jiyva

Shops:
Orc:1 *   Orc:2 [*==[

Annotations:
D:9 3 runed translucent doors, Wofifit's ghost, novice DEWz
Lair:3 1 runed translucent door


Message History

You shoot a sling bullet. The sling bullet hits the stone giant.
The stone giant looks as sick as possible!
The stone giant throws a large rock.
The large rock barely misses you.
The cyclops throws a large rock.
The large rock hits you.
You take 3 damage, and have 116/127 hp.
Firing (i - inventory. (/) - cycle)
U - 204 sling bullets (quivered)
Aim: a stone giant (lightly wounded, poisoned)
You shoot a sling bullet.
The sling bullet hits the stone giant but does no damage.
A cyclops comes into view.
The cyclops throws a large rock.
The large rock hits you!!
You take 26 damage, and have 90/127 hp.
MASSIVE DAMAGE!!
The stone giant throws a large rock.
The large rock hits you!!!
* * * LOW HITPOINT WARNING * * *
You see here a large rock {!d}.
You take 41 damage, and have 50/127 hp.
MASSIVE DAMAGE!!
The stone giant throws a large rock.
The large rock hits you!!!
You die...

,,,,,,,,,..P...........#*
##.# ##...,,,,..C..P.....$..#
##.##
......,,,,...#..$.....#*##.##
......,,**##.........#*##.##
.......*###....#...#**##.##
......#*#.......(..# ##.##
.....#**,......#.#####.##
.....# **.##..#.(.# #.§§##
....## ***###.#@## #§≈§.#
.(...### ##.## #.§≈.##
.......# ##.####..≈..#
.......## ##.##...≈.##
........#### ##.#...≈.#
.#+#.......########÷#.≈≈.#
.+∩+......###.#.##.#..≈..#
.#+#..............##.≈≈..#
#.......##.##.#...#..≈..##


You could see a stone giant.

Levels and vault maps discovered:
D:1:      dpeg_arrival_more_subterranean_lakeside_camping, layout_basic,
          kennysheep_another_room, minmay_misc_feat_diagonals
D:2:      layout_loops_corners, xom_teletrap_fun, okawaru_trees_1, uniq_jessica
D:3:      layout_rooms, marbit_many_paths, minmay_divided_ellipse, uniq_natasha
D:4:      layout_cave_pools, gammafunk_temple_overflow_pools, first_ration,
          fedhas_altar_4, uniq_edmund, uniq_menkaure
D:5:      layout_gridville, kiku_gazebo_garden_becter,
          chequers_temple_overflow_statue_of_worship
D:6:      kennysheep_big_flooded_room, layout_basic, minmay_fire_ice_demons
D:7:      layout_cave_pools, minmay_temple_entry_fiery
D:8:      layout_loops_ring, special_room [special_room_orc], uniq_joseph
D:9:      layout_irregular_city, tgw_sif, ebering_ghost_rock_garden,
          kennysheep_potato
D:10:     layout_stronghold, due_lair_maze_entry_diamond
D:11:     layout_basic, grunt_qazlal_clouds
D:12:     layout_rooms, minmay_orc_entry_temple_small, uniq_psyche
D:13:     wander_river, layout_irregular_city, david_vaults_3, uniq_rupert
Lair:1:   layout_cave_pods, lemuel_fruit_fields
Lair:2:   layout_roguey, minmay_another_anthill
Lair:3:   layout_concentric_octagons, elwin_shoals_entry_rooms,
          dummy_snake_entry, basic_altar, pf_torpor_hydra, grunt_megastairs_2
Lair:4:   layout_cave_pods, st_stairs_8, minmay_shattered_shrine, uniq_sonja
Lair:5:   layout_hall_layers
Lair:6:   gammafunk_lair_ancient_temple, layout_regular_city, slime_altar_2,
          serial_bayou_ford_a, grunt_forest_large_clearings,
          serial_bayou_shore_b, uniq_snorg, uniq_urug
Orc:1:    minmay_goldmine, layout_caves, basic_altar, serial_shops,
          nicolae_shop_window_shopping, ebering_ghost_disaster_area,
          mines1_david
Orc:2:    grunt_orc_gardens, layout_diamond_mine, grunt_orc_garden,
          grunt_orc_garden, grunt_orc_garden, grunt_orc_garden,
          nicolae_volcano_entry_vermiform, serial_shops, shop, shop,
          nicolae_shop_behind_doors, mines1_david

Notes
Turn   | Place    | Note
-------+----------+-------------------------------------------
     0 | D:1      | ventricule the Human Berserker began the quest for the Orb.
     0 | D:1      | Reached XP level 1. HP: 18/18 MP: 1/1
    63 | D:1      | Identified a +0 club
    94 | D:1      | Identified a +0 dagger
   119 | D:1      | Identified a +0 club
   123 | D:1      | Reached XP level 2. HP: 16/24 MP: 2/2
   458 | D:1      | Identified a +0 club
   491 | D:1      | Reached skill level 4 in Axes
   491 | D:1      | Reached XP level 3. HP: 18/29 MP: 3/3
   512 | D:1      | Identified a +0 ring mail (You found it on level 1 of the
                  | Dungeon)
   848 | D:2      | Found an iron altar of Okawaru.
   863 | D:2      | Noticed an ice beast
   865 | D:2      | Identified a +0 short sword
   871 | D:2      | Killed an ice beast
   871 | D:2      | Reached ** piety under Trog
   871 | D:2      | Reached skill level 5 in Axes
   871 | D:2      | Reached XP level 4. HP: 35/35 MP: 4/4
   871 | D:2      | Reached XP level 5. HP: 41/41 MP: 5/5
   989 | D:2      | Found a shimmering altar of Xom.
  1005 | D:2      | Identified a +0 club
  1164 | D:2      | Identified a +5 club
  1164 | D:2      | Identified a +0 robe
  1164 | D:2      | Noticed Jessica
  1166 | D:2      | Noticed a bullfrog
  1177 | D:2      | Killed a bullfrog
  1177 | D:2      | Reached skill level 6 in Axes
  1177 | D:2      | Reached XP level 6. HP: 45/47 MP: 6/6
  1178 | D:2      | Killed Jessica
  1291 | D:2      | Identified a +0 club
  1417 | D:2      | Identified a +0 club
  1436 | D:2      | Identified a +0 club
  1558 | D:2      | Identified a +0 club
  1622 | D:2      | Identified a +0 dagger
  1664 | D:2      | Identified a +0 dagger
  1772 | D:3      | Identified a cursed +0 leather armour (You found it on
                  | level 3 of the Dungeon)
  1777 | D:3      | Identified a +0 helmet (You found it on level 2 of the
                  | Dungeon)
  1777 | D:3      | Identified a scroll of immolation
  1778 | D:3      | Identified 3 scrolls of magic mapping
  1779 | D:3      | Identified 3 scrolls of remove curse
  1790 | D:3      | Identified 2 scrolls of random uselessness
  1791 | D:3      | Identified 6 scrolls of identify
  1791 | D:3      | Identified an amulet of rage (You found it on level 1 of
                  | the Dungeon)
  1792 | D:3      | Identified a scroll of teleportation
  1793 | D:3      | Identified a scroll of enchant armour
  1796 | D:3      | Identified a +0 whip
  1796 | D:3      | Identified a +0 ring mail
  1796 | D:3      | Identified a +0 short sword
  1796 | D:3      | Identified a +0 dagger
  1839 | D:3      | Identified a +0 club
  1841 | D:3      | Identified a +0 whip
  1948 | D:3      | Identified a +0 club
  2008 | D:3      | Identified a +0 dagger
  2010 | D:3      | Identified a +0 dagger
  2010 | D:3      | Identified a +0 hunting sling
  2011 | D:3      | Reached *** piety under Trog
  2072 | D:3      | Identified a ring of ice (You found it on level 3 of the
                  | Dungeon)
  2113 | D:3      | Noticed Natasha
  2124 | D:3      | Killed Natasha
  2124 | D:3      | Reached skill level 7 in Axes
  2234 | D:3      | Identified a +0 pair of gloves (You found it on level 3 of
                  | the Dungeon)
  2252 | D:3      | Noticed Natasha
  2264 | D:3      | Killed Natasha
  2361 | D:3      | Identified a +0 mace
  2361 | D:3      | Identified a +0 scale mail
  2362 | D:3      | Identified a +0 short sword
  2370 | D:3      | Reached XP level 7. HP: 50/52 MP: 7/7
  2371 | D:3      | Identified a potion of heal wounds
  2372 | D:3      | Identified 2 potions of lignification
  2373 | D:3      | Identified 2 potions of curing
  2374 | D:3      | Identified a potion of haste
  2375 | D:3      | Identified a potion of might
  2417 | D:3      | Identified a +2 mace of holy wrath
  2417 | D:3      | Identified a +0 ring mail
  2485 | D:3      | Identified a +0 halberd
  2494 | D:3      | Reached skill level 3 in Armour
  2550 | D:3      | Noticed Natasha
  2559 | D:3      | Killed Natasha
  2569 | D:3      | Found a bloodstained altar of Trog.
  2640 | D:1      | Identified a +0 scale mail (You found it on level 1 of the
                  | Dungeon)
  2822 | D:4      | Identified a +7 dire flail of holy wrath
  2822 | D:4      | Identified a +0 scale mail
  2822 | D:4      | Noticed Edmund
  2838 | D:4      | Killed Edmund
  2904 | D:4      | Noticed Menkaure
  2920 | D:4      | Killed Menkaure
  2920 | D:4      | Reached skill level 4 in Armour
  2920 | D:4      | Reached XP level 8. HP: 58/58 MP: 8/8
  3172 | D:4      | Identified a +0 trident
  3172 | D:4      | Identified a +0 chain mail
  3173 | D:4      | Identified a +0 ring mail
  3173 | D:4      | Identified a +0 flail
  3174 | D:4      | Identified a +0 dagger
  3174 | D:4      | Identified a +0 robe
  3174 | D:4      | Identified a +0 mace
  3182 | D:4      | Reached **** piety under Trog
  3182 | D:4      | Reached skill level 8 in Axes
  3266 | D:4      | Found a shadowy altar of Dithmenos.
  3266 | D:4      | Found a radiant altar of Vehumet.
  3360 | D:4      | Identified a +0 falchion
  3361 | D:4      | Identified a cursed -2 falchion
  3361 | D:4      | Identified a +0 morningstar
  3361 | D:4      | Identified a +0 scale mail
  3362 | D:4      | Identified a +0 whip
  3362 | D:4      | Identified a +0 dagger of venom
  3362 | D:4      | Identified a +0 robe
  3776 | D:4      | Found a blossoming altar of Fedhas.
  3860 | D:5      | Entered Level 5 of the Dungeon
  4232 | D:5      | Reached skill level 4 in Fighting
  4232 | D:5      | Reached skill level 3 in Dodging
  4400 | D:5      | Identified a scarf of spirit shield (You found it on level
                  | 5 of the Dungeon)
  4400 | D:5      | Identified a +0 battleaxe (You found it on level 5 of the
                  | Dungeon)
  4503 | D:5      | Identified a scroll of fog
  4712 | D:5      | Found a stormy altar of Qazlal.
  4714 | D:5      | Found a shattered altar of Ashenzari.
  4719 | D:5      | Found an ancient bone altar of Kikubaaqudgha.
  4791 | D:5      | Identified a potion of agility
  4792 | D:5      | Identified 2 potions of resistance
  4815 | D:5      | Identified a +0 flail
  4815 | D:5      | Identified a +0 spear
  4816 | D:5      | Identified a +0 club
  4986 | D:5      | Reached skill level 9 in Axes
  5036 | D:6      | Identified a +0 short sword
  5036 | D:6      | Identified a +0 leather armour
  5036 | D:6      | Identified a +0 dagger
  5071 | D:6      | Reached XP level 9. HP: 56/65 MP: 7/9
  5137 | D:6      | Identified a +0 club
  5164 | D:6      | Identified a cursed -1 giant club
  5307 | D:6      | Got a shimmering hunting sling
  5308 | D:6      | Identified the +2 hunting sling of Erchiv Abair {venom, rF+
                  | MR+ Int+2 Stlth+} (You found it on level 6 of the Dungeon)
  5362 | D:6      | Identified a +0 vampiric whip
  5364 | D:6      | Identified a +0 glaive
  5364 | D:6      | Identified a +0 chain mail
  5364 | D:6      | Identified a +0 club
  5365 | D:6      | Identified a +0 club
  5365 | D:6      | Identified a +0 leather armour
  5367 | D:6      | Reached skill level 1 in Slings
  5375 | D:6      | Reached ***** piety under Trog
  5375 | D:6      | Reached skill level 2 in Slings
  5578 | D:6      | Identified a scroll of enchant weapon
  5584 | D:6      | Identified a +0 pair of boots (You found it on level 6 of
                  | the Dungeon)
  5767 | D:6      | Identified a +0 hand axe
  5767 | D:6      | Identified a +0 leather armour
  5767 | D:6      | Identified a +0 flail
  5767 | D:6      | Identified a +0 dagger
  5767 | D:6      | Identified a +0 robe
  5767 | D:6      | Identified a +0 hand axe
  5776 | D:6      | Reached skill level 10 in Axes
  6368 | D:7      | Identified a ring of strength (You found it on level 7 of
                  | the Dungeon)
  6404 | D:7      | Identified a +0 dagger
  6404 | D:7      | Identified a +0 robe
  6405 | D:7      | Identified a +3 mace
  6405 | D:7      | Identified a +0 club
  6471 | D:7      | Identified a +0 giant club
  6476 | D:7      | Reached skill level 3 in Slings
  6567 | D:7      | Identified a potion of mutation
  6568 | D:7      | Identified a potion of cancellation
  6569 | D:7      | Identified a scroll of amnesia
  6624 | D:7      | Identified a +2 war axe of chopping (You found it on level
                  | 7 of the Dungeon)
  6720 | D:7      | Identified a cursed +0 club
  6787 | D:7      | Identified a +0 club
  6787 | D:7      | Identified a +0 leather armour
  6787 | D:7      | Identified a +0 trident
  6787 | D:7      | Identified a +0 leather armour
  6789 | D:7      | Identified a +0 trident
  6789 | D:7      | Identified a +0 plate armour
  6790 | D:7      | Identified a +0 falchion
  6860 | D:7      | Found a staircase to the Ecumenical Temple.
  6932 | D:6      | HP: 15/65 [something (6)]
  6933 | D:6      | HP: 7/65 [something (5)]
  7154 | D:8      | Noticed a hippogriff
  7164 | D:8      | Killed a hippogriff
  7164 | D:8      | Reached skill level 4 in Slings
  7224 | D:8      | Identified a +0 shortbow
  7230 | D:8      | Noticed a hippogriff
  7237 | D:8      | Reached XP level 10. HP: 71/71 MP: 7/10
  7239 | D:8      | Reached skill level 5 in Slings
  7243 | D:8      | Reached skill level 11 in Axes
  7257 | D:8      | Identified a +0 giant club
  7358 | D:8      | Identified a +0 quarterstaff
  7358 | D:8      | Identified a +0 hunting sling
  7358 | D:8      | Identified a +0 ring mail
  7358 | D:8      | Noticed Joseph
  7368 | D:8      | Killed Joseph
  7368 | D:8      | Received a gift from Trog
  7368 | D:8      | Reached skill level 6 in Slings
  7474 | D:8      | Identified a +0 war axe
  7478 | D:8      | Identified a +0 trident
  7478 | D:8      | Identified a +0 leather armour
  7481 | D:8      | Identified a +0 dire flail
  7481 | D:8      | Identified a cursed +0 plate armour
  7491 | D:8      | Identified a +0 hand axe
  7495 | D:8      | Identified a +0 dagger
  7495 | D:8      | Identified a +0 leather armour
  7498 | D:8      | Identified a +0 short sword
  7501 | D:8      | Identified a +0 club
  7501 | D:8      | Identified a +1 ring mail of cold resistance
  7515 | D:8      | Identified a +0 trident
  7515 | D:8      | Identified a cursed -1 plate armour
  7527 | D:8      | Identified a cursed -1 leather armour
  7533 | D:8      | Identified a +0 trident
  7533 | D:8      | Identified a +0 plate armour
  7533 | D:8      | HP: 16/73 [orc warrior/+0 trident (9)]
  7535 | D:8      | Identified a +0 giant spiked club
  7535 | D:8      | Identified a +0 giant club
  7538 | D:8      | Identified a +0 dire flail
  7538 | D:8      | Identified a +0 chain mail
  7586 | D:8      | Identified a +0 trident
  7586 | D:8      | Identified a +0 leather armour
  7662 | D:8      | Identified a +0 hand axe
  7663 | D:8      | Identified a +0 leather armour
  7663 | D:8      | Identified a +0 hand axe
  7663 | D:8      | Identified a +0 leather armour
  7671 | D:8      | Identified a +0 ring mail
  7688 | D:8      | Identified a +2 flail of protection
  7688 | D:8      | Identified a +0 leather armour
  7689 | D:8      | Identified a +0 mace
  7690 | D:8      | Identified a +0 flail
  7690 | D:8      | Identified a +0 mace
  7690 | D:8      | Identified a +0 scale mail
  7690 | D:8      | Identified a +0 club
  7690 | D:8      | Identified a +0 chain mail
  7690 | D:8      | Identified a cursed -1 club
  7691 | D:8      | Identified a +0 long sword
  7691 | D:8      | Identified a +0 chain mail
  7692 | D:8      | Identified a cursed +0 mace
  7905 | D:8      | Identified a cursed -2 flail
  8153 | D:8      | Identified a +0 club
  8334 | D:8      | Identified a scroll of brand weapon
  8454 | D:9      | Identified a +0 giant spiked club
  8513 | D:9      | Identified a +0 giant club
  8542 | D:9      | Received a gift from Trog
  8721 | D:9      | Reached skill level 5 in Armour
  8794 | D:9      | Identified a scroll of fear
  8826 | D:9      | Found a runed translucent gate.
  8826 | D:9      | Found a runed translucent gate.
  8826 | D:9      | Found a runed translucent gate.
  8843 | D:9      | Noticed Wofifit's ghost (novice DEWz)
  8953 | D:9      | Identified a +6 hand axe of flaming
  8953 | D:9      | Identified a +0 robe
  8953 | D:9      | Noticed Blork the orc
  8963 | D:9      | Killed Blork the orc
  8963 | D:9      | Reached skill level 12 in Axes
  8969 | D:9      | Found a shimmering blue altar of Sif Muna.
  9106 | D:10     | Entered Level 10 of the Dungeon
  9145 | D:10     | Identified a +0 shortbow
  9200 | D:10     | Identified a ring of protection from magic (You found it on
                  | level 9 of the Dungeon)
  9202 | D:10     | Identified a ring of protection from cold (You found it on
                  | level 9 of the Dungeon)
  9277 | D:10     | Identified a +0 giant club
  9550 | D:10     | Identified a +0 shortbow
  9550 | D:10     | Identified a +2 hand axe of chopping
  9558 | D:10     | Identified a +2 dagger of venom
  9558 | D:10     | Identified a +0 robe
  9560 | D:10     | Identified a +0 flail
  9560 | D:10     | Identified a +0 chain mail
  9560 | D:10     | Identified a +0 flail
  9562 | D:10     | Identified a +0 dagger
  9562 | D:10     | Identified a +0 robe
  9624 | D:10     | Reached skill level 6 in Armour
  9625 | D:10     | Reached XP level 11. HP: 78/78 MP: 11/11
  9787 | D:10     | Found a staircase to the Lair.
  9880 | D:10     | Identified 3 potions of invisibility
  9881 | D:10     | Identified a potion of flight
 10211 | Lair:1   | Entered Level 1 of the Lair of Beasts
 10214 | Lair:1   | Identified a scroll of summoning
 10215 | Lair:1   | Identified a scroll of vulnerability
 10385 | Lair:1   | Reached skill level 7 in Armour
 11182 | Lair:1   | Reached skill level 13 in Axes
 11285 | Lair:1   | Reached skill level 8 in Armour
 11611 | Lair:2   | Noticed a queen ant
 11623 | Lair:2   | Killed a queen ant
 12065 | Lair:2   | Reached skill level 9 in Armour
 12070 | Lair:2   | HP: 19/78 [blink frog (2)]
 12075 | Lair:2   | Reached XP level 12. HP: 30/85 MP: 2/12
 12580 | Lair:3   | Found a staircase to the Snake Pit.
 12821 | Lair:3   | Identified a +1 war axe of freezing (You found it on level
                  | 3 of the Lair of Beasts)
 12906 | Lair:3   | Found a runed translucent door.
 12956 | Lair:3   | Identified a +0 spear
 12979 | Lair:3   | Identified a +0 trident
 13007 | Lair:3   | Reached skill level 14 in Axes
 13136 | Lair:3   | Received a gift from Trog
 13136 | Lair:3   | Reached skill level 10 in Armour
 13641 | Lair:3   | Found a blossoming altar of Fedhas.
 13757 | Lair:3   | Found a staircase to the Shoals.
 13920 | Lair:3   | Noticed a seven-headed hydra
 13935 | Lair:4   | Noticed a six-headed hydra
 14186 | Lair:4   | Reached skill level 5 in Fighting
 14588 | Lair:4   | Identified a +0 giant spiked club
 14592 | Lair:4   | Killed a six-headed hydra
 15384 | Lair:4   | Reached skill level 6 in Fighting
 15401 | Lair:4   | Identified a +2 short sword of venom
 15401 | Lair:4   | Noticed Sonja
 15678 | Lair:4   | Noticed a five-headed hydra
 15687 | Lair:4   | Killed a five-headed hydra
 15687 | Lair:4   | Reached XP level 13. HP: 73/93 MP: 9/13
 15996 | Lair:4   | Reached skill level 11 in Armour
 16190 | Lair:4   | Noticed a seven-headed hydra
 16201 | Lair:4   | Killed a seven-headed hydra
 16340 | Lair:4   | Killed Sonja
 16724 | Lair:4   | Noticed a four-headed hydra
 16733 | Lair:4   | Reached skill level 7 in Fighting
 16744 | Lair:4   | Killed a four-headed hydra
 16744 | Lair:4   | Reached skill level 15 in Axes
 16918 | Lair:4   | Noticed a four-headed hydra
 16933 | Lair:4   | Killed a four-headed hydra
 17600 | Lair:5   | Identified a scarf of resistance (You found it on level 5
                  | of the Lair of Beasts)
 18176 | Lair:5   | Noticed a four-headed hydra
 18188 | Lair:5   | Killed a four-headed hydra
 18188 | Lair:5   | Reached skill level 8 in Fighting
 18731 | Lair:6   | Entered Level 6 of the Lair of Beasts
 18781 | Lair:6   | Noticed a four-headed hydra
 18804 | Lair:6   | Killed a four-headed hydra
 18804 | Lair:6   | Reached skill level 12 in Armour
 18970 | Lair:6   | Received a gift from Trog
 19718 | Lair:6   | Reached XP level 14. HP: 92/106 MP: 11/14
 19792 | Lair:6   | Reached skill level 9 in Fighting
 20072 | Lair:6   | Noticed Snorg
 20083 | Lair:6   | Killed Snorg
 20083 | Lair:6   | Identified a +3 troll leather armour {Snorg}
 20493 | Lair:6   | Identified a +3 war axe of electrocution (Trog gifted it to
                  | you on level 6 of the Lair of Beasts)
 20675 | Lair:6   | Reached skill level 16 in Axes
 20932 | Lair:6   | Found a runed translucent door.
 20941 | Lair:6   | Identified a +0 giant spiked club
 20941 | Lair:6   | Identified a +0 giant club
 20971 | Lair:6   | Identified a potion of brilliance
 20982 | Lair:6   | Identified a +0 cloak (You found it on level 6 of the Lair
                  | of Beasts)
 21059 | Lair:6   | Reached skill level 13 in Armour
 21071 | Lair:6   | Identified an amulet of the gourmand (You found it on level
                  | 6 of the Lair of Beasts)
 21181 | Lair:6   | Identified a +0 giant club
 21188 | Lair:6   | HP: 17/109 [drowned by a drowned soul[a merfolk avatar]
                  | (17)]
 21190 | Lair:6   | Reached skill level 10 in Fighting
 21679 | Lair:6   | Found a viscous altar of Jiyva.
 21679 | Lair:6   | Found a staircase to the Slime Pits.
 22321 | D:11     | Found a stormy altar of Qazlal.
 22698 | D:11     | Identified a +0 flail
 22698 | D:11     | Identified a +0 leather armour
 22700 | D:11     | Received a gift from Trog
 23099 | D:11     | Identified a +2 shortbow of velocity
 23194 | D:11     | Identified a +0 shortbow
 23269 | D:12     | Identified a +0 shortbow
 23269 | D:12     | Identified a +0 shortbow
 23269 | D:12     | Identified a +0 shortbow
 23269 | D:12     | Identified a +0 shortbow
 23269 | D:12     | Identified a +0 shortbow
 23269 | D:12     | Identified a +0 shortbow
 23332 | D:12     | Identified an amulet of harm (You found it on level 12 of
                  | the Dungeon)
 23409 | D:12     | Identified a +0 giant club
 23445 | D:12     | Identified a +4 dagger of chaos
 23445 | D:12     | Identified a +2 robe of fire resistance
 23445 | D:12     | Noticed Psyche
 23459 | D:12     | Killed Psyche
 23468 | D:12     | Identified a +0 dagger of speed
 23468 | D:12     | Identified a +0 robe
 23470 | D:12     | Identified a +0 dagger
 23470 | D:12     | Identified a +0 leather armour
 23471 | D:12     | Identified a +0 scale mail
 23527 | D:12     | Identified a +0 giant club
 23562 | D:12     | Identified a +0 short sword
 23562 | D:12     | Identified a +0 ring mail
 23573 | D:12     | Identified a +0 war axe
 23581 | D:12     | Identified a +0 war axe
 23581 | D:12     | Identified a +0 leather armour
 23582 | D:12     | Identified a +2 battleaxe of chopping
 23582 | D:12     | Identified a +0 chain mail
 23583 | D:12     | Identified a +0 war axe
 23583 | D:12     | Identified a +0 plate armour
 23586 | D:12     | Identified a +0 short sword
 23606 | D:12     | HP: 25/111 [wyvern (4)]
 23608 | D:12     | HP: 5/111 [orc priest/divine providence (10)]
 23617 | D:11     | HP: 9/111 [bullfrog (1)]
 23974 | D:12     | Found a staircase to the Orcish Mines.
 23975 | D:12     | Identified a +0 hand axe
 23975 | D:12     | Identified a +0 scale mail
 23976 | D:12     | Identified a +0 flail
 23976 | D:12     | Identified a +3 leather armour
 23980 | D:12     | Identified a cursed -2 short sword
 23980 | D:12     | Identified a +0 chain mail
 23983 | D:12     | Found a roughly hewn altar of Beogh.
 24025 | D:12     | Identified a potion of ambrosia
 24334 | D:13     | Identified a cursed +0 shortbow
 24336 | D:13     | Identified a +0 shortbow
 24336 | D:13     | Identified a +0 morningstar
 24338 | D:13     | Identified a +0 shortbow
 24475 | D:13     | Identified a +0 shortbow
 24476 | D:13     | Identified a +0 shortbow
 24480 | D:13     | Identified a +2 shortbow of freezing
 24672 | D:13     | Reached XP level 15. HP: 117/117 MP: 15/15
 24727 | D:13     | Identified a +0 hand crossbow
 24743 | D:13     | Identified a +0 giant spiked club
 24744 | D:13     | Identified a +5 double sword
 24744 | D:13     | Identified a +0 chain mail
 24744 | D:13     | Noticed Urug
 24758 | D:13     | Killed Urug
 24835 | D:13     | Identified a +3 great mace of protection
 24835 | D:13     | Identified a cursed +0 chain mail
 24835 | D:13     | Noticed Rupert
 24852 | D:13     | Killed Rupert
 24859 | D:13     | Identified a +0 giant club
 24859 | D:13     | Identified a +0 giant club
 24862 | D:13     | Identified a +0 rapier
 24869 | D:13     | Reached skill level 11 in Fighting
 24942 | D:13     | Identified a potion of degeneration
 24943 | D:13     | Identified a scroll of blinking
 25003 | D:13     | Found a gate to the Vaults.
 25022 | D:13     | Identified a +0 dagger
 25388 | D:13     | Identified a +0 shortbow
 25423 | D:13     | Identified a +0 giant club
 25429 | D:13     | Received a gift from Trog
 25432 | D:13     | Identified a +1 hunting sling of flaming (Trog gifted it to
                  | you on level 13 of the Dungeon)
 25523 | D:13     | Identified a +0 morningstar
 25698 | D:13     | Identified a +0 shortbow
 25705 | D:13     | Reached skill level 14 in Armour
 25789 | Orc:1    | Entered Level 1 of the Orcish Mines
 25848 | Orc:1    | Identified a +0 dagger
 25848 | Orc:1    | Identified a +0 leather armour
 25849 | Orc:1    | Found Qoyqeot's Assorted Antiques.
 25849 | Orc:1    | Identified a +0 giant spiked club
 25852 | Orc:1    | Identified a +0 war axe
 25852 | Orc:1    | Identified a +0 chain mail
 25854 | Orc:1    | Identified a +0 battleaxe
 25854 | Orc:1    | Identified a +0 chain mail
 25865 | Orc:1    | HP: 25/178 [orc warrior/+0 battleaxe[an orc knight] (28)]
 26240 | Orc:1    | Found a large runed translucent door.
 26241 | Orc:1    | Found a large runed translucent door.
 26241 | Orc:1    | Identified a +0 great sword
 26241 | Orc:1    | Identified a +0 plate armour
 26242 | Orc:1    | Identified a +0 flail
 26242 | Orc:1    | Identified a +0 battleaxe
 26242 | Orc:1    | Identified a +0 chain mail
 26243 | Orc:1    | Identified a +0 dagger
 26243 | Orc:1    | Identified a +0 robe
 26269 | Orc:1    | Noticed Esekla's ghost (journeyman SpAK)
 26311 | Orc:1    | Bought a potion of curing for 69 gold pieces
 26334 | Orc:1    | Identified a +0 mace of protection
 26335 | Orc:1    | Identified a +0 whip
 26335 | Orc:1    | Identified a +0 ring mail
 26336 | Orc:1    | Identified a +0 dire flail
 26336 | Orc:1    | Identified a +0 plate armour
 26336 | Orc:1    | Identified a +0 dagger
 26336 | Orc:1    | Identified a +0 ring mail
 26359 | Orc:1    | Identified a +0 club
 26359 | Orc:1    | Identified a +0 giant club
 26359 | Orc:1    | Identified a +0 giant club
 26360 | Orc:1    | Identified a +0 hand axe
 26360 | Orc:1    | Identified a cursed +0 leather armour
 26360 | Orc:1    | Identified a +0 dire flail
 26360 | Orc:1    | Identified a +0 giant spiked club
 26361 | Orc:1    | Identified a +0 giant spiked club
 26361 | Orc:1    | Identified a +0 giant club
 26362 | Orc:1    | Identified a +0 giant spiked club
 26362 | Orc:1    | Identified a +0 giant club
 26362 | Orc:1    | Found a roughly hewn altar of Beogh.
 26362 | Orc:1    | Identified a +0 giant club
 26363 | Orc:1    | Identified a +0 giant spiked club
 26363 | Orc:1    | Identified a +0 giant spiked club
 26363 | Orc:1    | Identified a +0 dagger
 26363 | Orc:1    | Identified a +0 robe
 26364 | Orc:1    | Identified a +0 halberd
 26364 | Orc:1    | Identified a cursed +0 plate armour
 26366 | Orc:1    | Identified a +0 halberd
 26366 | Orc:1    | Identified a +0 robe
 26369 | Orc:1    | Reached skill level 17 in Axes
 26370 | Orc:1    | Identified a +0 ring mail
 26379 | Orc:1    | Identified a +0 giant club
 26388 | Orc:1    | HP: 26/120 [ogre mage/bolt of poison (19)]
 26749 | Orc:1    | Identified a +0 halberd
 26750 | Orc:1    | Identified a +0 scale mail
 26753 | Orc:1    | Identified a +0 trident
 26754 | Orc:1    | Identified a +0 dagger
 26754 | Orc:1    | Identified a +0 robe
 26755 | Orc:1    | Identified a +1 scimitar of slicing
 26755 | Orc:1    | Identified a +0 plate armour
 26756 | Orc:1    | Identified a +0 flail
 26756 | Orc:1    | Identified a +0 leather armour
 26767 | Orc:1    | Identified a +0 mace
 26767 | Orc:1    | Identified a +0 chain mail
 26767 | Orc:1    | Identified a +0 giant club
 26912 | Orc:1    | Found a burning altar of Makhleb.
 26914 | Orc:1    | Identified a +0 dagger
 26914 | Orc:1    | Identified a +0 robe
 26914 | Orc:1    | Identified a +0 whip
 26914 | Orc:1    | Identified a +0 leather armour
 26915 | Orc:1    | Identified a +0 mace of crushing
 26915 | Orc:1    | Identified a +0 club
 26915 | Orc:1    | Identified a cursed -3 dagger
 26915 | Orc:1    | Identified a +0 robe
 26916 | Orc:1    | Identified a +0 dagger
 26916 | Orc:1    | Identified a +0 robe
 26921 | Orc:1    | Identified a cursed -3 flail
 26921 | Orc:1    | Identified a +0 leather armour
 26929 | Orc:1    | Identified a +0 dagger
 26950 | Orc:1    | Identified a +0 dagger
 26950 | Orc:1    | Identified a +0 robe
 26955 | Orc:1    | Received a gift from Trog
 26958 | Orc:1    | Identified the +11 triple sword of Equilibrium {elec, MR+}
                  | (Trog gifted it to you on level 1 of the Orcish Mines)
 27199 | Orc:1    | Killed Esekla's ghost
 27217 | Orc:1    | Identified a +2 pair of gloves (You found it on level 1 of
                  | the Orcish Mines)
 27248 | Orc:2    | Entered Level 2 of the Orcish Mines
 27248 | Orc:2    | Found Jyudu's Jewellery Shoppe.
 27251 | Orc:2    | Identified a +0 dire flail
 27251 | Orc:2    | Identified a +0 dire flail
 27252 | Orc:2    | Found Aqe Jadgh's General Store.
 27267 | Orc:2    | Identified a +0 dire flail
 27267 | Orc:2    | Identified a +0 dire flail
 27447 | Orc:2    | Identified a +0 giant club
 27450 | Orc:2    | Identified a +0 trident
 27450 | Orc:2    | Identified a +0 chain mail
 27453 | Orc:2    | Identified a +3 dagger of electrocution
 27453 | Orc:2    | Identified a +0 robe of magic resistance
 27457 | Orc:2    | Identified a +0 flail
 27457 | Orc:2    | Identified a +0 chain mail
 27742 | Orc:2    | Identified a +0 war axe
 27745 | Orc:2    | Identified a +0 flail
 27745 | Orc:2    | Identified a +0 chain mail
 27748 | Orc:2    | Identified a +0 falchion
 27749 | Orc:2    | Identified a +0 short sword
 27749 | Orc:2    | Identified a +0 chain mail
 27749 | Orc:2    | Identified a +0 glaive
 27749 | Orc:2    | Identified a +0 plate armour
 27758 | Orc:2    | Reached skill level 12 in Fighting
 27774 | Orc:2    | Found Fumetau's Jewellery Boutique.
 27786 | Orc:2    | Found Koppatistra's Antique Armour Shop.
 27787 | Orc:2    | Identified a +0 dire flail
 27787 | Orc:2    | Identified a +0 dire flail
 27787 | Orc:2    | Found a staircase to the Elven Halls.
 27793 | Orc:2    | Identified a +0 giant spiked club
 27793 | Orc:2    | Identified a +0 giant club
 27818 | Orc:2    | Found Filaucla's Antique Armour Shop.
 27829 | Orc:2    | Found a dark tunnel.
 27870 | Volcano  | Entered a volcano
 28135 | Volcano  | Found a burning altar of Makhleb.
 28259 | Volcano  | Identified a +0 morningstar
 28284 | Volcano  | Identified a +1 battleaxe of flaming (You found it in a
                  | volcano)
 28341 | Volcano  | Reached XP level 16. HP: 127/127 MP: 16/16
 28383 | Volcano  | Identified a +0 morningstar
 28526 | Orc:2    | Hit by a large rock thrown by a stone giant

Table legend:
 A = Turns spent in this place as a percentage of turns spent in the entire game.
 B = Non-inter-level travel turns spent in this place as a percentage of non-inter-level travel turns spent in the entire game.
 C = Inter-level travel turns spent in this place as a percentage of turns spent in this place.
 D = Turns resting spent in this place as a percentage of non-inter-level travel turns spent in this place.
 E = Turns spent auto-exploring this place as a percentage of non-inter-level travel turns spent in this place.
 F = Non-inter-level travel turns spent in this place divided by the number of levels of this place that you've seen.
                   A       B       C       D       E      F
               +-------+-------+-------+-------+-------+----------------------
         Total | 100.0 | 100.0 |   2.8 |  39.7 |  42.2 | 1260.3
       Dungeon |  50.7 |  50.5 |   3.3 |  31.6 |  50.3 | 1076.1
          Lair |  40.9 |  41.0 |   2.4 |  49.2 |  35.6 | 1895.3
  Orcish Mines |   6.5 |   6.5 |   2.4 |  45.4 |  33.0 | 906.0
       Volcano |   1.9 |   2.0 |   0.0 |  27.5 |   4.5 | 553.0
               +-------+-------+-------+-------+-------+----------------------

Table legend:
 A = Kills in this place as a percentage of kills in entire the game.
 B = Kills by you in this place as a percentage of kills by you in the entire game.
 C = Kills by friends in this place as a percentage of kills by friends in the entire game.
 D = Other kills in this place as a percentage of other kills in the entire game.
 E = Experience gained in this place as a percentage of experience gained in the entire game.
 F = Experience gained in this place divided by the number of levels of this place that you have seen.
                   A       B       C       D       E      F
               +-------+-------+-------+-------+-------+----------------------
         Total | 100.0 | 100.0 | 100.0 | 100.0 | 100.0 | 4971.2
       Dungeon |  56.0 |  57.4 |  13.6 | 100.0 |  32.9 | 2763.8
          Lair |  31.2 |  30.8 |  45.5 |   0.0 |  46.3 | 8442.3
  Orcish Mines |  10.2 |   9.1 |  40.9 |   0.0 |  16.3 | 8912.5
       Volcano |   2.6 |   2.7 |   0.0 |   0.0 |   4.5 | 4958.0
               +-------+-------+-------+-------+-------+----------------------

Skill      XL: |  1  2  3  4  5  6  7  8  9 10 11 12 13 14 15 |
---------------+----------------------------------------------+-----
Axes           | 4 5 6 7 9 10 12 13 14 15 16 17 | 17.4
Armour         | 4 6 9 10 12 13 14 | 14.6
Fighting       | 4 6 8 10 12 | 12.2
Dodging        | 3 |  3.4
Slings         | 4 6 |  6.3

Action                   |  1- 3 |  4- 6 |  7- 9 | 10-12 | 13-15 | 16-18 || total
-------------------------+-------+-------+-------+-------+-------+-------++-------
Melee: Hand axe          |    67 |   182 |   195 |       |       |       ||   444
       Battleaxe         |       |       |   155 |   594 |   785 |    12 ||  1546
       War axe           |       |       |    48 |    20 |       |       ||    68
       Dire flail        |       |       |       |     4 |    49 |       ||    53
 Fire: Hunting sling     |       |       |     2 |    17 |   139 |     3 ||   161
Throw: Stone             |       |       |       |       |     3 |       ||     3
Invok: Berserk           |     1 |     2 |    11 |    14 |    23 |       ||    51
       Trog's Hand       |       |     1 |       |     5 |     8 |       ||    14
       Brothers in Arms  |       |       |       |     3 |     7 |       ||    10
Evoke: Wand              |       |       |       |     4 |    13 |     1 ||    18
  Use: Scroll            |       |     7 |    15 |     9 |    10 |       ||    41
       Potion            |       |       |     1 |     3 |     7 |       ||    11
 Stab: Invisible         |       |       |       |       |     1 |       ||     1
       Confused          |       |       |       |       |     2 |       ||     2
  Eat: Chunk             |       |     8 |    19 |    25 |    63 |       ||   115
       Ration            |       |       |     2 |     5 |     3 |       ||    10
Armor: Animal skin       |    19 |       |       |       |       |       ||    19
       Ring mail         |     9 |    81 |    11 |       |       |       ||   101
       Scale mail        |       |       |   142 |       |       |       ||   142
       Chain mail        |       |       |    67 |    34 |       |       ||   101
       Plate armour      |       |       |       |   357 |   685 |     2 ||  1044
Dodge: Dodged            |    56 |   106 |   202 |   281 |   393 |     5 ||  1043

Vanquished Creatures
  Rupert (D:13)
  Snorg (Lair:6)
  2 ettins
  A fire dragon (Volcano)
  9 hydras
  4 centaur warriors
  An ogre mage (Orc:1)
  A merfolk avatar (Lair:6)
  A queen ant (Lair:2)
  A hell hog (Volcano)
  An orc high priest (Orc:2)
  6 two-headed ogres
  Urug (D:13)
  2 death yaks (Lair:4)
  A sea snake (Lair:6)
  A lindwurm (Orc:2)
  A harpy (Lair:6)
  2 orc knights (Orc:1)
  3 manticores
  A deep elf mage (D:13)
  An orc sorcerer (Orc:2)
  2 ugly things
  5 black mambas
  5 cyclopes (Orc:2)
  Joseph (D:8)
  6 elephants (Lair:6)
  A merfolk siren (Lair:3)
  A centaur zombie (D:13)
  2 molten gargoyles (Volcano)
  2 gargoyles (D:13)
  Psyche (D:12)
  A torpor snail (Lair:4)
  6 spiny frogs
  5 rime drakes
  7 komodo dragons
  A harpy zombie (D:13)
  A merfolk (Lair:3)
  A troll (D:9)
  2 polar bears (Lair:6)
  4 slime creatures (D:13)
  2 hornets (Lair:6)
  20 blink frogs
  A dream sheep (Lair:4)
  10 hippogriffs
  4 basilisks
  7 wyverns
  15 humans
  9 fire bats (Volcano)
  28 yaks
  A steam dragon (Volcano)
  2 wargs (Orc:1)
  Menkaure (D:4)
  Edmund (D:4)
  A hell hound (Volcano)
  7 soldier ants (Lair:2)
  14 water moccasins
  14 porcupines
  A sky beast (D:12)
  2 ice beasts
  5 black bears
  17 orc warriors
  13 ogres
  A phantom (D:6)
  26 wolves
  9 crocodiles
  15 centaurs
  Blork the orc (D:9)
  18 bullfrogs
  A wyvern zombie (D:10)
  A wyvern skeleton (D:9)
  3 scorpions
  3 killer bees (D:10)
  4 howler monkeys
  7 crimson imps
  2 lava snakes (Volcano)
  2 quasits
  7 hounds
  7 jellies
  7 orc priests
  A bullfrog skeleton (D:6)
  13 orc wizards
  Jessica (D:2)
  Natasha (thrice) (D:3)
  5 centaur skeletons
  2 iguanas
  25 worker ants
  A hound zombie (D:8)
  A hound skeleton (D:9)
  A worker ant zombie (D:5)
  4 gnolls
  9 adders
  A shadow imp (D:9)
  A white imp (D:6)
  3 oozes
  An adder zombie (D:5)
  A worm (D:2)
  6 leopard geckos
  80 orcs
  13 bats
  5 giant cockroaches
  9 goblins
  11 hobgoblins
  12 jackals
  5 quokkas
  5 ball pythons
  6 frilled lizards
  5 kobolds
  9 rats
  10 fungi
  8 plants
642 creatures vanquished.

Vanquished Creatures (collateral kills)
  An ettin (Orc:2)
  The ghost of Esekla the Slicer, a journeyman SpAK of Lugonu (Orc:1)
  A hydra (Lair:4)
  An orc high priest (Orc:1)
  Sonja (Lair:4)
  A cyclops (Orc:2)
  3 water moccasins
  4 orc warriors
  6 wolves (Lair:6)
  An orc wizard (Orc:1)
  2 orcs (Orc:1)
22 creatures vanquished.

Vanquished Creatures (others)
  A sky beast (D:12)
  12 fungi
  19 plants
32 creatures vanquished.

Grand Total: 696 creatures vanquished
